 Dungeon Crawl Stone Soup version 0.23.2-1-ga50397a6bc (webtiles) character file.

Game seed: 9391814866993917255

254 Mrkan the Chucker (level 6, 0/37 HPs)
             Began as a Tengu Assassin on May 22, 2019.
             Succumbed to an adder's poison
             ... on level 3 of the Dungeon.
             The game lasted 00:08:11 (3376 turns).

Mrkan the Chucker (Tengu Assassin)                  Turns: 3376, Time: 00:08:11

Health: 0/37       AC:  8    Str: 14    XL:     6   Next: 15%
Magic:  7/7        EV: 13    Int: 11    God:
Gold:   170        SH:  0    Dex: 15    Spells: 5/5 levels left

rFire    . . .     SeeInvis .   a - +2 dagger
rCold    . . .     Gourm    .   (no shield)
rNeg     . . .     Faith    .   s - +2 ring mail {rPois}
rPois    +         Spirit   .   (helmet restricted)
rElec    .         Reflect  .   d - +0 cloak
rCorr    .         Harm     .   (no gloves)
MR       .....                  (boots unavailable)
Stlth    ++........             (no amulet)
HPRegen  0.12/turn              (no ring)
MPRegen  0.10/turn              (no ring)

@: lethally poisoned (0 -> -2), flying quickly and evasively, quick
A: beak, talons 3, able to fly
a: Stop Flying


You were on level 3 of the Dungeon.
You were hungry.

You visited 1 branch of the dungeon, and saw 4 of its levels.

You collected 170 gold pieces.

Inventory:

Hand Weapons
 a - a +2 dagger (weapon)
 b - a +0 blowgun
 w - a +2 morningstar of protection
Missiles
 e - 8 poisoned needles
 f - 2 curare-tipped needles
 l - 152 stones (quivered)
 r - 6 needles of frenzy
 t - 2 throwing nets
Armour
 c - a +0 robe
 d - a +0 cloak (worn)
 k - a +0 chain mail
 s - a +2 ring mail of poison resistance (worn)
Jewellery
 q - a +2 amulet of reflection {unknown}
 x - an uncursed ring of ice
Wands
 p - a wand of clouds (5)
Scrolls
 h - 3 scrolls of remove curse {unknown}
 i - a scroll of immolation {unknown}
 n - 3 scrolls of enchant armour {unknown}
 o - 2 scrolls of teleportation {unknown}
Potions
 j - 2 potions of heal wounds {unknown}
 m - 2 potions of curing {unknown}
 v - a potion of berserk rage {unknown}
 A - a potion of haste {unknown}
Comestibles
 g - 6 rations


   Skills:
 + Level 3.3 Fighting
 - Level 2.1 Short Blades
 * Level 5.4 Throwing
 - Level 0.7 Armour
 - Level 1.4 Dodging
 - Level 4.0 Stealth


You had 5 spell levels left.
You didn't know any spells.
Your spell library contained the following spells:

 Spells                   Type           Power        Failure   Level  Hunger
 Magic Dart               Conj           #...         58%         1    ##.....
 Blink                    Tloc           N/A          73%         2    ###....
 Call Imp                 Summ           #.......     73%         2    ###....
 Slow                     Hex            #.......     73%         2    ###....
 Conjure Flame            Conj/Fire      #.......     91%         3    ####...
 Mephitic Cloud           Conj/Pois/Air  #.......     91%         3    ####...


Dungeon Overview and Level Annotations

Branches:
Dungeon (4/15)
 Temple: D:4-7

Altars:
Sif Muna
Zin


Innate Abilities, Weirdness & Mutations

You have a beak for a mouth.
You have claws for feet.
You can fly continuously.


Message History

You see here a stone.
You see here a stone.
The howler monkey hoots and howls with incredible vigour!
The adder barely misses you.
You hear an angry hiss.
The adder barely misses you.
The phantom blinks!
The howler monkey hoots and howls with incredible vigour!
You hear an angry hiss.
There is a stone staircase leading up here.
The adder bites you.
* * * LOW HITPOINT WARNING * * *
You are lethally poisoned!
The adder poisons you! The howler monkey closely misses you.
You fly upwards.
* * * LOW HITPOINT WARNING * * *
You feel sick.
There is a stone staircase leading down here.
The adder bites you but does no damage.
You die...

#.........##..# #.
######....#....##..##########.
####...##...#<#...##.............
.......##....#...............###.
####...##.....)...##.#######.# #.
..................##.#######.###.
#####.#########.hS...#...........
#.# ##.#####.#####.#### #.# #@#
#.# #.# #.# #.# #.# #.#
#.##########.#####.#####.#
#..........#.....[.......#
##########.#######.#######
#.........# ###########


You could see a howler monkey and an adder.

Vanquished Creatures
  A killer bee (D:3)
  A crimson imp (D:3)
  An orc wizard (D:3)
  A worker ant (D:4)
  3 adders
  A worm (D:2)
  3 dart slugs
  3 leopard geckos
  3 orcs (D:3)
  A ball python (D:2)
  8 giant cockroaches
  6 goblins
  10 hobgoblins
  2 jackals (D:3)
  12 kobolds
  4 quokkas
  8 bats
  7 frilled lizards
  15 rats
90 creatures vanquished.

Notes
Turn   | Place    | Note
-------+----------+-------------------------------------------
     0 | D:1      | Mrkan the Tengu Assassin began the quest for the Orb.
     0 | D:1      | Reached XP level 1. HP: 12/12 MP: 2/2
   188 | D:1      | Reached XP level 2. HP: 17/17 MP: 3/3
   403 | D:1      | Reached skill level 3 in Throwing
  1010 | D:2      | Found a glowing silver altar of Zin.
  1010 | D:2      | Found a deep blue altar of Sif Muna.
  1146 | D:2      | Reached XP level 3. HP: 16/21 MP: 4/4
  1972 | D:3      | HP: 1/21 [crimson imp (3)]
  1981 | D:3      | Reached skill level 4 in Throwing
  1981 | D:3      | Reached XP level 4. HP: 3/27 MP: 5/5
  2253 | D:3      | Gained mutation: You can fly continuously. [Tengu growth]
  2253 | D:3      | Reached XP level 5. HP: 27/31 MP: 6/6
  2580 | D:3      | Reached skill level 5 in Throwing
  3094 | D:4      | Noticed a phantom
  3118 | D:4      | Reached XP level 6. HP: 24/37 MP: 7/7
  3374 | D:3      | HP: 1/37 [poisoned by an adder]
  3376 | D:3      | Succumbed to an adder's poison

Skill      XL: |  1  2  3  4  5 |
---------------+----------------+-----
Throwing       | 3 4 5 |  5.4
Fighting       | 3 |  3.3
Short Blades   | |  2.1
Armour         | |  0.7
Dodging        | |  1.4
Stealth        | |  4.0

Action                   |  1- 3 |  4- 6 || total
-------------------------+-------+-------++-------
Melee: Dagger            |   124 |    94 ||   218
       Kick              |    27 |    25 ||    52
       Peck              |    10 |    18 ||    28
Throw: Stone             |    20 |    25 ||    45
       Javelin           |       |    22 ||    22
 Abil: Fly               |       |     1 ||     1
 Stab: Sleeping          |     6 |       ||     6
       Distracted        |       |     2 ||     2
  Eat: Chunk             |     3 |     4 ||     7
Armor: Robe              |     1 |       ||     1
       Chain mail        |    25 |       ||    25
       Ring mail         |    16 |    46 ||    62
Dodge: Dodged            |    50 |    69 ||   119
